AoeStats
← felip3.diaz

Oasis

509750153Analyzed
3v3 RM · 4d ago on Sep 27, 2026· 63m 22s· 6 players
Game mode
Random Map
Map size
Normal (6 player)
Population
200
Speed
Normal
Resources
Standard
Victory
Conquest
Starting age
Dark Age
Ending age
Imperial Age
RankedLock teamsTeams togetherTeam positionsShared explorationLock speedFull tech treeHidden civsTurbo modeCheats
Victory
Defeat
🇪🇸 Ethiopians · Spain
1024
+13
🇪🇸 Goths · Spain
968
+15
🇪🇸 Magyars · Spain
950
+17
🇨🇴 Magyars · Colombia
987
-16
🇨🇴 Byzantines · Colombia
977
-16
🇪🇸 Khmer · Spain
909
-13
sebastianmedina9725
0:26 Loom
10:46 Feudal Age
11:16 Horse Collar
11:24 Double-Bit Axe
24:10 Castle Age
26:00 Pikeman
26:07 Elite Skirmisher
31:30 Heavy Plow
50:20 Gold Mining
50:21 Stone Mining
juandaosp12
6:35 Loom
9:17 Feudal Age
15:53 Wheelbarrow
19:26 Castle Age
18:04 Gold Mining
18:07 Double-Bit Axe
18:49 Bloodlines
19:22 Horse Collar
22:36 Scale Barding Armor
25:30 Elite Skirmisher
26:34 Fletching
28:29 Bodkin Arrow
37:47 Heated Shot
38:17 Ballistics
38:58 Husbandry
42:01 Padded Archer Armor
42:23 Chain Barding Armor
44:35 Leather Archer Armor
44:17 Crossbowman
45:02 Thumb Ring
47:54 Imperial Age
45:40 Hand Cart
46:05 Gold Shaft Mining
45:20 Stone Mining
45:50 Bow Saw
47:04 Corvinian Army
48:06 Arbalester
50:34 Bracer
51:04 Ring Archer Armor
50:28 Cavalier
51:48 Town Watch
53:29 Chemistry
52:49 Caravan
54:31 Conscription
54:38 Conscription
57:01 Plate Barding Armor
56:20 Light Cavalry
felip3.diaz
12:26 Feudal Age
14:58 Double-Bit Axe
23:13 Castle Age
22:30 Scale Mail Armor
22:47 Forging
23:29 Pikeman
24:14 Husbandry
26:35 Squires
32:11 Scale Barding Armor
34:06 Bow Saw
36:03 Chain Barding Armor
39:05 Imperial Age
36:38 Caravan
38:02 Iron Casting
39:29 Cavalier
39:45 Halberdier
48:23 Heavy Camel Rider
52:12 Chain Mail Armor
57:11 Conscription
59:40 Plate Barding Armor
MrLennon
7:55 Loom
12:03 Feudal Age
15:51 Castle Age
14:57 Double-Bit Axe
18:30 Bow Saw
19:46 Wheelbarrow
19:10 Gold Mining
19:33 Squires
21:10 Horse Collar
22:04 Pikeman
25:21 Forging
28:35 Iron Casting
28:01 Scale Mail Armor
28:19 Hand Cart
28:22 Heavy Plow
33:50 Masonry
33:37 Murder Holes
34:42 Stone Mining
34:42 Town Watch
39:06 Town Patrol
42:53 Imperial Age
40:32 Anarchy
41:25 Stone Shaft Mining
45:00 Halberdier
46:13 Architecture
45:25 Elite Huskarl
46:06 Perfusion
46:27 Conscription
46:24 Guilds
48:19 Blast Furnace
47:34 Chain Mail Armor
59:52 Ballistics
Raguloso
7:01 Loom
9:31 Feudal Age
10:17 Double-Bit Axe
11:15 Horse Collar
15:11 Town Watch
22:18 Castle Age
21:45 Bloodlines
24:33 Wheelbarrow
23:58 Town Patrol
25:23 Bow Saw
26:05 Scale Barding Armor
27:04 Husbandry
27:12 Pikeman
29:05 Elite Skirmisher
30:22 Chain Barding Armor
32:53 Fletching
33:03 Padded Archer Armor
38:03 Hand Cart
38:23 Light Cavalry
42:33 Imperial Age
40:54 Corvinian Army
42:08 Bodkin Arrow
42:29 Leather Archer Armor
42:53 Halberdier
43:42 Cavalier
43:43 Hussar
44:53 Conscription
44:45 Elite Magyar Huszar
46:29 Plate Barding Armor
46:51 Coinage
52:59 Paladin
54:27 Recurve Bow
54:55 Parthian Tactics
57:15 Caravan
58:23 Gold Mining
Mito
4:22 Loom
10:54 Feudal Age
19:44 Castle Age
20:02 Crossbowman
22:03 Double-Bit Axe
22:15 Gold Mining
23:20 Fletching
23:58 Bodkin Arrow
25:23 Horse Collar
27:58 Ballistics
33:12 Bow Saw
33:21 Padded Archer Armor
39:22 Imperial Age
38:35 Stone Mining
40:21 Thumb Ring
41:57 Bracer
46:35 Chemistry
45:55 Torsion Engines
46:47 Conscription
49:24 Leather Archer Armor
51:45 Ring Archer Armor
53:00 Two-Man Saw
55:47 Masonry
58:34 Arbalester
Connection lost

Rejoining the realm…

Still unreachable

The connection could not be restored.

Session expired

The server has moved on; the page needs a fresh start.